 Dungeon Crawl Stone Soup version 0.29-a0-1016-g236c7fd91e (webtiles) character file.

Game seed: 14197597474844452536

445 Sobieck the Firebug (level 7, -6/70 HPs)
             Began as an Ogre Fire Elementalist on Aug 9, 2022.
             Was an Initiate of Sif Muna.
             Mangled by a gnoll
             ... wielding a +0 flail
             ... led by a gnoll sergeant
              (7 damage)
             ... on level 4 of the Dungeon.
             The game lasted 00:11:47 (5943 turns).

Sobieck the Firebug (Ogre Fire Elementalist)        Turns: 5943, Time: 00:11:48

Health: -6/70      AC:  3    Str: 19    XL:     7   Next: 3%
Magic:  0/13       EV:  9    Int: 18    God:    Sif Muna [......]
Gold:   242        SH:  0    Dex:  9    Spells: 11/14 levels left

rFire   + . .      SeeInvis .   x - +0 dagger (venom) {short}
rCold   x . .      Faith    +   (no shield)
rNeg    . . .      Spirit   .   a - +0 robe
rPois   .          Reflect  .   (helmet restricted)
rElec   .          Harm     .   (no cloak)
rCorr   .          Rampage  .   (gloves unavailable)
Will    .....                   (boots unavailable)
Stlth   +.........              A - amulet of faith {!P}
HPRegen 0.21/turn               n - ring of fire
MPRegen 0.13/turn               w - +6 ring of strength

@: very slightly contaminated
A: large, unfitting armour, tough skin 1
a: Renounce Religion


You were on level 4 of the Dungeon.
You worshipped Sif Muna.
Sif Muna was noncommittal.
You visited 2 branches of the dungeon, and saw 6 of its levels.

You collected 253 gold pieces.
You spent 11 gold pieces at shops.


Innate Abilities, Weirdness & Mutations

You are too large for most types of armour.
You have tough skin. (AC +1)


   Skills:
 + Level 4.3 Fighting
 - Level 1.7 Dodging
 - Level 1.4 Stealth
 + Level 4.4 Spellcasting
 - Level 0.8 Conjurations
 * Level 5.3 Fire Magic


You had 11 spell levels left.
You knew the following spells:

 Your Spells              Type           Power      Damage    Failure   Level
a - Foxfire               Conj/Fire      88%        2x1d8     4%          1
b - Scorch                Fire           68%        2d8       2%          2

Your spell library contained the following spells:

 Spells                   Type           Power      Damage    Failure   Level
 Shock                    Conj/Air       20%        1d4       12%         1
 Conjure Flame            Conj/Fire      22%        6-21      12%         3
 Inner Flame              Hex/Fire       20%        N/A       14%         3
 Poisonous Vapours        Pois/Air       8%         N/A       22%         2
 Flame Wave               Conj/Fire      22%        2d8       36%         4
 Swiftness                Air            4%         N/A       38%         3
 Airstrike                Air            2%         2d(1-17)  80%         4
 Corpse Rot               Necr/Pois/Air  4%         N/A       80%         4

Inventory:

Hand Weapons
 c - a +0 dagger {short}
   (You took it off a kobold on level 1 of the Dungeon)
 f - a +0 club {mace}
   (You took it off a goblin on level 1 of the Dungeon)
 m - a +0 dagger {short}
   (You took it off a goblin on level 1 of the Dungeon)
 x - a +0 dagger of venom (weapon) {short}
   (You found it on level 3 of the Dungeon)
Missiles
 i - 2 boomerangs {throwing}
 k - 30 stones {throwing}
 z - 2 javelins {throwing}
Armour
 a - a +0 robe (worn)
 g - a +0 robe
   (You found it on level 1 of the Dungeon)
 o - a +0 robe
   (You found it on level 2 of the Dungeon)
 t - a +0 robe
   (You found it on level 3 of the Dungeon)
Jewellery
 n - a ring of fire (left hand)
   (You found it on level 2 of the Dungeon)
 w - a +6 ring of strength (right hand)
   (You found it on level 3 of the Dungeon)
 A - an amulet of faith (around neck) {!P}
   (You found it on level 5 of the Dungeon)
Scrolls
 e - a scroll of silence {unknown}
 j - a scroll of summoning
 q - a scroll of poison {!r}
 s - a scroll of butterflies {unknown}
 y - 3 scrolls of identify {@r1}
Potions
 b - a potion of magic
 d - a potion of curing {@q1}
 h - a potion of invisibility
 l - 2 potions of ambrosia
 p - a potion of resistance {unknown}
 r - a potion of might {unknown}
 u - 2 potions of heal wounds {@q2}
 v - a potion of attraction {unknown}

Dungeon Overview and Level Annotations

Branches:
Dungeon (5/15) Zot: 24101  Temple (1/1) D:4 Zot: 5940

Altars:
Cheibriados
Dithmenos
Elyvilon
Fedhas
Gozag
Hepliaklqana
Kikubaaqudgha
Makhleb
Nemelex Xobeh
Okawaru
Qazlal
Ru
Sif Muna
Trog
Uskayaw
Wu Jian
Xom
Yredelemnul
The Shining One

Shops:
D:1 !! D:3

( #.########.###### #....
#.# #.##...#######.... #.#
#.##..........P.>. #.#
#.##...........P.. #.#
#.###..........P.. #.#
#...)............. #.#
#.###............. #.#
#o###............. #.#
#@g..)............ #.#
#####........##### #.#
#........##### #.#
#.............
#.############.............
#............'.............
###.......####.............
#.......# #........#####
#.......# #....[....####


You could see an orc wizard (poisoned) and a gnoll.


Message History

The foxfire hits the orc!
You kill the orc!
Sif Muna accepts your kill.
You have reached level 7!
An orc comes into view. It is wielding a +0 dagger.
Danger!
You feel a surge of power!
You conjure some foxfire!
You feel a surge of power!
You conjure some foxfire!
You feel a surge of power!
You conjure some foxfire!
The foxfire hits the orc.
The foxfire hits the orc!
You kill the orc!
Sif Muna accepts your kill.
Unknown command.
A gnoll is nearby!
Danger!
You feel a surge of power!
You conjure some foxfire!
You feel a surge of power!
You conjure some foxfire!
The foxfire hits the gnoll. x2
You feel a surge of power!
You conjure some foxfire!
The gnoll sergeant shouts!
You hear a shout!
The foxfire hits the gnoll.
You kill the gnoll!
Sif Muna accepts your kill.
Unknown command.
You feel a surge of power!
You conjure some foxfire!
The foxfire hits the gnoll sergeant but does no damage.
The foxfire hits the gnoll sergeant.
You feel a surge of power!
You conjure some foxfire!
The foxfire hits the gnoll sergeant.
An orc wizard comes into view. It is wielding a +0 dagger.
The foxfire hits the gnoll sergeant but does no damage. x2
You feel a surge of power!
You conjure some foxfire!
The foxfire hits the gnoll sergeant but does no damage. x2
Unknown command.
You feel a surge of power!
You conjure some foxfire!
The foxfire hits the gnoll sergeant.
The foxfire hits the gnoll sergeant but does no damage.
You feel a surge of power!
You conjure some foxfire!
The gnoll shouts!
The foxfire hits the gnoll sergeant but does no damage. x2
You feel a surge of power!
You conjure some foxfire!
The foxfire hits the gnoll sergeant. x2
The gnoll sergeant hits you from afar with a +0 spear!
Unknown command.
You are out of magic!
Unknown command.
Unknown command.
The foxfire hits the gnoll sergeant but does no damage. x2
The gnoll sergeant hits you but does no damage.
The orc wizard closely misses you.
The gnoll sergeant hits you but does no damage.
The gnoll hits you from afar with a +0 spear.
The gnoll hits you from afar with a +0 spear.
The gnoll attacks as you move away! The gnoll barely misses you.
The orc wizard barely misses you.
The gnoll sergeant hits you from afar with a +0 spear!
The gnoll hits you from afar with a +0 spear.
Unknown command.
The gnoll attacks as you move away! The gnoll barely misses you.
The gnoll hits you with a +0 club.
* * * LOW HITPOINT WARNING * * *
The gnoll sergeant hits you from afar with a +0 spear!
* * * LOW HITPOINT WARNING * * *
The gnoll hits you with a +0 spear.
* * * LOW HITPOINT WARNING * * *
The gnoll hits you with a +0 club.
* * * LOW HITPOINT WARNING * * *
Things that are here:
a +0 dagger {short}; 8 gold pieces; an orc corpse Unknown command.
An orc comes into view. It is wielding a +0 club.
Things that are here:
a +0 dagger {short}; a +0 leather armour; an orc corpse The orc wizard attacks as you move away!
The orc wizard hits you with a +0 dagger.
* * * LOW HITPOINT WARNING * * *
There is a stone staircase leading up here.
The orc wizard closely misses you. The gnoll hits you with a +0 flail.
* * * LOW HITPOINT WARNING * * *
You climb upwards.
There is a stone staircase leading down here.
Unknown command.
Unknown command.
You hit the orc wizard but do no damage.
The orc wizard is poisoned.
The gnoll hits you with a +0 flail.
* * * LOW HITPOINT WARNING * * *
The orc wizard points at you and mumbles some strange words.
The puff of flame hits you. You resist.
* * * LOW HITPOINT WARNING * * *
Unknown command.
You hit the gnoll. The gnoll closely misses you.
The orc wizard hits you with a +0 dagger.
* * * LOW HITPOINT WARNING * * *
Unknown command.
Casting: Foxfire (safe; 4% risk of failure)
Confirm with . or Enter, or press ? or * to list all spells.
You feel a surge of power!
You miscast Scorch.
You are very lightly contaminated with residual magic.
Nothing appears to happen.
The gnoll hits you with a +0 flail!
You die...

Skill      XL: |  1  2  3  4  5  6 |
---------------+-------------------+-----
Fire Magic     | 3 4 5 |  5.3
Fighting       | 1 2 3 4 |  4.3
Spellcasting   | 3 4 |  4.4
Dodging        | |  1.7
Stealth        | |  1.4
Conjurations   | |  0.8

Action                   |  1- 3 |  4- 6 |  7- 9 || total
-------------------------+-------+-------+-------++-------
Melee: Dagger            |       |    10 |     2 ||    12
 Cast: Foxfire           |    67 |    89 |    12 ||   168
       Scorch            |     3 |     9 |       ||    12
  Use: Scroll            |       |     8 |       ||     8
       Potion            |       |     1 |       ||     1
Armor: Robe              |    12 |     4 |     2 ||    18
Dodge: Dodged            |     8 |    13 |     6 ||    27

Levels and vault maps discovered:
D:1:      lightli_arrival_isolated_outpost, layout_loops_cross, serial_shops,
          shop, nicolae_shop_advertising_works [nicolae_subvault_shop_adworks],
          shapermc_ecumenical_altar_hornbeckon, grunt_decor_junction
D:2:      layout_basic
D:3:      layout_basic, serial_shops, shop, portal_sewer_entry_e,
          minmay_quantized
D:4:      layout_basic, minmay_temple_entry_overgrown
D:5:      layout_rooms, chequers_serial_rivers_large_a
Temple:   hellmonk_temple_divided_pantheon

Notes
Turn   | Place    | Note
-------+----------+-------------------------------------------
     0 | D:1      | Sobieck the Ogre Fire Elementalist began the quest for the
                  | Orb.
     0 | D:1      | Reached XP level 1. HP: 16/16 MP: 3/3
   153 | D:1      | Found Ompojur's Distillery.
   160 | D:1      | Reached XP level 2. HP: 26/26 MP: 2/5
   194 | D:1      | Reached skill level 3 in Fire Magic
   217 | D:1      | Reached skill level 1 in Fighting
   220 | D:1      | Learned a level 2 spell: Scorch
   742 | D:1      | Found Jownon's Distillery.
   886 | D:1      | Bought a potion of degeneration for 11 gold pieces
  1074 | D:1      | Found a faded altar of an unknown god.
  1211 | D:2      | Reached XP level 3. HP: 33/33 MP: 0/7
  1514 | D:2      | Reached skill level 3 in Spellcasting
  1603 | D:2      | You pick up a book of Air and begin reading...
  1603 | D:2      | You add the spells Shock, Swiftness and Airstrike to your
                  | library.
  2217 | D:2      | Reached skill level 2 in Fighting
  2595 | D:3      | Reached XP level 4. HP: 42/42 MP: 4/8
  2755 | D:3      | Found Zehucaecw's Weapon Shop.
  3266 | D:3      | You pick up a book of Vapours and begin reading...
  3266 | D:3      | You add the spells Poisonous Vapours and Corpse Rot to your
                  | library.
  4037 | D:4      | Noticed a scorpion
  4045 | D:4      | Reached skill level 4 in Fire Magic
  4046 | D:4      | Killed a scorpion
  4047 | D:4      | Reached skill level 3 in Fighting
  4047 | D:4      | Reached XP level 5. HP: 24/53 MP: 1/10
  4053 | D:4      | HP: 13/53 [poisoned by a scorpion]
  4344 | D:4      | Found a staircase to the Ecumenical Temple.
  4353 | Temple   | Entered the Ecumenical Temple
  4353 | Temple   | Found a transporter.
  4353 | Temple   | Found a transporter.
  4359 | Temple   | Found a transporter.
  4359 | Temple   | Found a transporter.
  4400 | Temple   | Became a worshipper of Sif Muna the Loreminder
  4727 | D:4      | HP: 11/53 [poisoned by an orc priest]
  4728 | D:4      | Reached XP level 6. HP: 13/61 MP: 1/11
  4817 | D:4      | Reached skill level 4 in Spellcasting
  5262 | D:4      | Reached skill level 4 in Fighting
  5262 | D:4      | Reached skill level 5 in Fire Magic
  5799 | D:5      | Entered Level 5 of the Dungeon
  5799 | D:5      | Noticed a sky beast
  5913 | D:5      | Reached XP level 7. HP: 70/70 MP: 10/13
  5935 | D:5      | HP: 15/70 [gnoll/+0 club[a gnoll sergeant] (4)]
  5941 | D:4      | HP: 6/70 [gnoll/+0 flail[a gnoll sergeant] (6)]
  5942 | D:4      | HP: 1/70 [orc wizard/+0 dagger (3)]
  5943 | D:4      | Mangled by a gnoll

Vanquished Creatures
  2 scorpions
  An orc priest (D:4)
  A hound (D:4)
  A gnoll bouda (D:4)
  2 iguanas (D:4)
  5 gnolls
  3 adders
  2 river rats (D:3)
  4 worms
  4 dart slugs
  6 orcs
  4 endoplasms
  7 giant cockroaches
  6 hobgoblins
  2 jackals (D:1)
  3 quokkas
  6 ball pythons
  3 bats
  4 frilled lizards
  8 goblins
  3 kobolds
  7 rats
84 creatures vanquished.

Vanquished Creatures (others)
  295 foxfires
295 creatures vanquished.

Grand Total: 379 creatures vanquished

Table legend:
 A = Non-vault XP
 B = Vault XP
 C = Vault XP percentage of total XP
 D = Non-vault monster count
 E = Vault monster count
 F = Vault count percentage of total count
                 A         B        C        D         E       F
            +---------+---------+-------+---------+---------+-------
      Total |     589 |      47 |   7.4 |      71 |      13 |  15.5
            +---------+---------+-------+---------+---------+-------
        D:1 |      30 |       0 |   0.0 |      18 |       0 |   0.0
        D:2 |      47 |       0 |   0.0 |      19 |       0 |   0.0
        D:3 |      11 |      47 |  81.0 |       4 |      13 |  76.5
        D:4 |     398 |       0 |   0.0 |      26 |       0 |   0.0
        D:5 |     103 |       0 |   0.0 |       4 |       0 |   0.0
            +---------+---------+-------+---------+---------+-------

Illustrated notes

Table legend:
 A = Kills in this place as a percentage of kills in entire the game.
 B = Kills by you in this place as a percentage of kills by you in the entire game.
 C = Kills by friends in this place as a percentage of kills by friends in the entire game.
 D = Other kills in this place as a percentage of other kills in the entire game.
 E = Experience gained in this place as a percentage of experience gained in the entire game.
 F = Experience gained in this place divided by the number of levels of this place that you have seen.
                   A       B       C       D       E      F
               +-------+-------+-------+-------+-------+----------------------
         Total | 100.0 | 100.0 |   N/A |   N/A | 100.0 | 106.0
       Dungeon | 100.0 | 100.0 |   N/A |   N/A | 100.0 | 127.2
               +-------+-------+-------+-------+-------+----------------------

Table legend: (Time is in decaauts)
 A = Elapsed time spent in this place.
 B = Non-inter-level travel time spent in this place.
 C = Inter-level travel time spent in this place.
 D = Time resting spent in this place.
 E = Time spent auto-exploring this place.
 F = Levels seen in this place.
 G = Mean time per level.
                   A        B        C        D        E       F      G
               +--------+--------+--------+--------+--------+-----+--------+
         Total |   5957 |   5722 |    235 |    521 |   4370 |   6 |  992.8 |
       Dungeon |   5897 |   5674 |    223 |    521 |   4367 |   5 | 1179.4 |
        Temple |     59 |     47 |     12 |      0 |      3 |   1 |   59.0 |
               +--------+--------+--------+--------+--------+-----+--------+

Top non-repeatable levels by time:
     D:4: 1930 daAuts
     D:3: 1363 daAuts
     D:2: 1298 daAuts
     D:1: 1213 daAuts
     D:5: 91 daAuts
  Temple: 59 daAuts
